 Dungeon Crawl Stone Soup version 0.25-a0-544-gee0576305d (webtiles) character file.

Game seed: 17702759651485056254, levelgen mode: classic

114 EnegeticOcto the Covered (level 4, -12/42 HPs)
             Began as a Deep Dwarf Fighter on Feb 20, 2020.
             Mangled by an ogre
             ... wielding a +0 giant spiked club
              (16 damage)
             ... on level 4 of the Dungeon.
             The game lasted 00:00:27 (499 turns).

EnegeticOcto the Covered (Deep Dwarf Fighter)        Turns: 499, Time: 00:00:27

Health: -12/42     AC:  7    Str: 21    XL:     4   Next: 66%
Magic:  3/3        EV:  8    Int:  8    God:
Gold:   73         SH:  9    Dex: 12    Spells: 3/3 levels left

rFire    . . .     SeeInvis .   a - +0 broad axe (curse)
rCold    . . .     Gourm    .   c - +0 kite shield
rNeg     . . .     Faith    .   b - +0 scale mail
rPois    .         Spirit   .   (no helmet)
rElec    .         Reflect  .   (no cloak)
rCorr    .         Harm     .   (no gloves)
MR       .....                  (no boots)
Stlth    ..........             (no amulet)
HPRegen  0.00/turn              (no ring)
MPRegen  0.08/turn              (no ring)

@: non-regenerating
A: damage resistance, heal wounds, sense surroundings 1, no regeneration
a: Heal Wounds


You were on level 4 of the Dungeon.
You were not hungry.

You visited 1 branch of the dungeon, and saw 4 of its levels.

You collected 73 gold pieces.

Inventory:

Hand Weapons
 a - a cursed +0 broad axe (weapon)
 i - a +0 war axe
Armour
 b - a +0 scale mail (worn)
 c - a +0 kite shield (worn)
Wands
 j - a wand of clouds (3)
Scrolls
 d - a scroll of amnesia {unknown}
 g - 2 scrolls of magic mapping {unknown}
 l - 3 scrolls of identify {unknown}
Potions
 h - a potion of magic {unknown}
 k - 2 potions of might {@q3}
Comestibles
 e - 4 rations
 f - 6 chunks of flesh


   Skills:
 * Level 3.4 Fighting
 * Level 3.4 Axes
 + Level 3.8 Armour
 + Level 1.4 Dodging
 + Level 3.7 Shields


You had 3 spell levels left.
You didn't know any spells.
Your spell library was empty.

Dungeon Overview and Level Annotations

Branches:
Dungeon (4/15)
 Temple: D:4-7

Altars:


Innate Abilities, Weirdness & Mutations

You are resistant to damage.
You can heal yourself by infusing magical energy.
You passively map a small area around you.
You do not regenerate.


Message History

No target in view!
No target in view!
No target in view!
No target in view!
No target in view!
No target in view!
No target in view!
Your magical essence is drained by the effort!
You feel much better.
A worker ant comes into view.
Found a stone staircase leading down.
A worker ant comes into view.
The worker ant twitches its antennae in your direction.
You slash the worker ant!
The worker ant is severely wounded.
The worker ant bites you but does no damage.
You block the worker ant's attack.
You slash the worker ant!
You kill the worker ant!
You have reached level 4!
You feel stronger.
Your shield prevents you from hitting the worker ant.
The worker ant bites you but does no damage.
You block the worker ant's attack.
You slash the worker ant!
The worker ant is severely wounded.
The worker ant bites you. The worker ant barely misses you.
You hit the worker ant but do no damage.
The worker ant is severely wounded.
The worker ant bites you. You block the worker ant's attack.
You hit the worker ant.
The worker ant is almost dead.
The worker ant bites you but does no damage.
You block the worker ant's attack.
Your shield and scale mail prevent you from hitting the worker ant.
The worker ant is almost dead.
The worker ant bites you but does no damage.
You closely miss the worker ant.
The worker ant is almost dead.
The worker ant bites you but does no damage.
You block the worker ant's attack.
You hit the worker ant.
You kill the worker ant!
No target in view!
No target in view!
No target in view!
No target in view!
Found 16 stones.
You see here a worker ant corpse.
You butcher the worker ant corpse.
f - 6 chunks of flesh (gained 3)
You butcher the worker ant corpse.
f - 8 chunks of flesh (gained 2)
You now have 73 gold pieces (gained 12).
An adder comes into view.
The adder hisses angrily.
Some of the chunks of flesh in your inventory have rotted away.
An adder is nearby!
An adder is nearby!
An adder is nearby!
An adder is nearby!
An adder is nearby!
You closely miss the adder. The adder barely misses you. The adder bites you.
You barely miss the adder. The adder bites you but does no damage.
The adder barely misses you.
You miss the adder. You block the adder's attack. x2
You barely miss the adder. You block the adder's attack. x2
You slash the adder!
You kill the adder!
No target in view!
No target in view!
No target in view!
Found 23 bolts.
Found a ring mail.
Some of the chunks of flesh in your inventory have rotted away.
An ogre comes into view. It is wielding a +0 giant spiked club.
The ogre shouts!
An ogre is nearby!
An ogre is nearby!
The ogre hits you with a +0 giant spiked club!
You slash the ogre!
The ogre is moderately wounded.
The ogre hits you with a +0 giant spiked club!!
You hit the ogre.
The ogre is heavily wounded.
The ogre hits you with a +0 giant spiked club!
* * * LOW HITPOINT WARNING * * *
You are too injured to fight recklessly!
You are too injured to fight recklessly!
You are too injured to fight recklessly!
You are too injured to fight recklessly!
You are too injured to fight recklessly!
You are too injured to fight recklessly!
You are too injured to fight recklessly!
You are too injured to fight recklessly!
You are too injured to fight recklessly!
You are too injured to fight recklessly!
You fail to use your ability.
The ogre hits you with a +0 giant spiked club!!
You die...

* , . , #. .## * #.##.# *... >
* #.##.# #.. , * * #.##.# #.#
* , , #.##.# #.# * * #.##.#
#O# , #..#** #,*
#.##.#####@####.#* #..#
#.####.##............# #..#
##...............###### #..#
#.........######## #..#
#.#####.#.# #..# * #.#[#
########..#### *####.#.#####
#............. ,
#..........######.######...(..
,*#.##...........#...#
#.......


You could see an ogre.

Vanquished Creatures
  A bullfrog skeleton (D:4)
  2 worker ants (D:4)
  2 adders
  An ooze (D:1)
  A worm (D:3)
  A leopard gecko (D:4)
  A giant cockroach (D:3)
  A hobgoblin (D:2)
  5 bats (D:1)
  A frilled lizard (D:1)
  3 rats
19 creatures vanquished.

Notes
Turn   | Place    | Note
-------+----------+-------------------------------------------
     0 | D:1      | EnegeticOcto the Deep Dwarf Fighter began the quest for the
                  | Orb.
     0 | D:1      | Reached XP level 1. HP: 20/20 MP: 1/1
   110 | D:1      | Reached XP level 2. HP: 27/27 MP: 2/2
   278 | D:3      | Reached XP level 3. HP: 23/34 MP: 3/3
   361 | D:4      | Reached skill level 1 in Dodging
   421 | D:4      | Reached XP level 4. HP: 42/42 MP: 3/3
   495 | D:4      | Noticed an ogre
   499 | D:4      | Mangled by an ogre

Levels and vault maps discovered:
D:1:      kilobyte_arrival_exit_the_forest, layout_basic
D:2:      layout_loops_cross, minmay_tromino_i4, uniq_jessica, uniq_robin
D:3:      layout_basic, cheibriados_altar_1, uniq_grinder
D:4:      layout_loops_ring

Skill      XL: |  1  2  3 |
---------------+----------+-----
Fighting       | 3 |  3.4
Axes           | 3 |  3.4
Dodging        | 1 |  1.4
Armour         | |  3.8
Shields        | |  3.7

Action                   |  1- 3 |  4- 6 || total
-------------------------+-------+-------++-------
Melee: War axe           |    35 |       ||    35
       Broad axe         |    17 |    14 ||    31
 Abil: Heal Wounds       |     1 |       ||     1
Armor: Scale mail        |    26 |     5 ||    31
Dodge: Dodged            |    11 |     3 ||    14
Block: Kite shield       |    32 |     8 ||    40

Table legend:
 A = Non-vault XP
 B = Vault XP
 C = Vault XP percentage of total XP
 D = Non-vault monster count
 E = Vault monster count
 F = Vault count percentage of total count
                 A         B        C        D         E       F
            +---------+---------+-------+---------+---------+-------
      Total |     163 |       0 |   0.0 |      19 |       0 |   0.0
            +---------+---------+-------+---------+---------+-------
        D:1 |      16 |       0 |   0.0 |       8 |       0 |   0.0
        D:2 |       2 |       0 |   0.0 |       1 |       0 |   0.0
        D:3 |      23 |       0 |   0.0 |       5 |       0 |   0.0
        D:4 |     122 |       0 |   0.0 |       5 |       0 |   0.0
            +---------+---------+-------+---------+---------+-------
